 Dungeon Crawl Stone Soup version 0.30-a0-2-gf48d83f5e2 (webtiles) character file.

Game seed: 13442941293152871475

51 Sabo the Chiller (level 3, -1/24 HPs)
             Began as a Demonspawn Ice Elementalist on Aug 20, 2022.
             Slain by a gnoll
             ... wielding a +0 whip
              (8 damage)
             ... on level 2 of the Dungeon.
             The game lasted 00:08:08 (2025 turns).

Sabo the Chiller (Demonspawn Ice Elementalist)      Turns: 2025, Time: 00:08:08

Health: -1/24      AC:  2    Str:  8    XL:     3   Next: 57%
Magic:  5/7        EV: 12    Int: 18    God:
Gold:   34         SH:  0    Dex: 13    Spells: 7/8 levels left

rFire   . . .      SeeInvis +    j - +0 scimitar
rCold   . . .      Faith    .    (no shield)
rNeg    . . .      Spirit   .    a - +0 robe
rPois   .          Reflect  .    (helmet restricted)
rElec   .          Harm     .    (no cloak)
rCorr   .          Rampage  .    (no gloves)
Will    .....                    (no boots)
Stlth   ++........               (no amulet)
HPRegen 0.08/turn                e - ring of see invisible
MPRegen 0.10/turn                (no ring)

@: no status effects
A: antennae 1
a: no special abilities


You were on level 2 of the Dungeon.
You visited 1 branch of the dungeon, and saw 2 of its levels.

You collected 34 gold pieces.

Inventory:

Hand Weapons
 j - a +0 scimitar (weapon)
 n - a +0 dagger of venom
Armour
 a - a +0 robe (worn)
Jewellery
 e - a ring of see invisible (left hand)
Scrolls
 f - a scroll of enchant armour {unknown}
 g - 2 scrolls of brand weapon {unknown}
 h - 2 scrolls of magic mapping {unknown}
 i - a scroll of identify {unknown}
 l - a scroll of poison {unknown}
 m - a scroll of blinking {unknown}
Potions
 b - a potion of magic
 c - 2 potions of heal wounds {unknown}
 d - a potion of cancellation {unknown}
 k - a potion of brilliance {unknown}
 o - a potion of invisibility {unknown}
 p - a potion of curing {unknown}


   Skills:
 + Level 0.1 Fighting
 + Level 0.4 Long Blades
 + Level 1.8 Dodging
 + Level 1.8 Stealth
 + Level 3.1 Spellcasting
 + Level 4.0 Ice Magic


You had 7 spell levels left.
You knew the following spells:

 Your Spells              Type           Power      Damage    Failure   Level
a - Freeze                Ice            68%        1d8       3%          1

Your spell library contained the following spells:

 Spells                   Type           Power      Damage    Failure   Level
 Frozen Ramparts          Ice            34%        1d6       10%         3
 Ozocubu's Armour         Ice            17%        N/A       10%         3
 Magic Dart               Conj           8%         1d3       16%         1
 Call Imp                 Summ           2%         N/A       24%         2
 Mephitic Cloud           Conj/Pois/Air  2%         N/A       43%         3
 Hailstorm                Conj/Ice       10%        3d5       56%         4


Dungeon Overview and Level Annotations

Branches:
Dungeon (2/15)

Altars:


Innate Abilities, Weirdness & Mutations

You have a pair of small antennae on your head.


Message History

Confirm with . or Enter, or press ? or * to list all spells.
Aiming: Freeze (safe; 3% risk of failure)
Press: ? - help, Shift-Dir - straight line, f - gnoll
Aim: a gnoll, wielding a +0 flail You freeze the gnoll.
The gnoll is lightly wounded.
The gnoll closely misses you.
Unknown command.
Casting: Freeze (safe; 3% risk of failure)
Confirm with . or Enter, or press ? or * to list all spells.
Aiming: Freeze (safe; 3% risk of failure)
Press: ? - help, Shift-Dir - straight line, f/p - gnoll
Aim: a gnoll, wielding a +0 flail (lightly wounded)
You freeze the gnoll.
The gnoll is heavily wounded.
The gnoll hits you with a +0 flail!
Casting: Freeze (safe; 3% risk of failure)
Confirm with . or Enter, or press ? or * to list all spells.
Aiming: Freeze (safe; 3% risk of failure)
Press: ? - help, Shift-Dir - straight line, f/p - gnoll
Aim: a gnoll, wielding a +0 flail (heavily wounded)
You freeze the gnoll.
The gnoll is heavily wounded.
A gnoll comes into view. It is wielding a +0 whip.
The gnoll completely misses you.
Unknown command.
You barely miss the gnoll.
The gnoll is heavily wounded.
The gnoll shouts!
The gnoll closely misses you.
You slash the gnoll!
You kill the gnoll!
A gnoll comes into view. It is wielding a +0 whip.
You hit the gnoll but do no damage. The gnoll hits you with a +0 whip.
You closely miss the gnoll. The gnoll hits you with a +0 whip.
* * * LOW HITPOINT WARNING * * *
You hit the gnoll.
The gnoll is moderately wounded.
The gnoll hits you with a +0 whip!
You die...

.. .. .#### .#
....##.# ## #
##.##.#..# .. #. #..
#.#.#### ##. ###.###.#
#......###..
......#)###...........
#.#gg...............
#..@....)#..........
#......###..........
#......# #..........
#......# #..........
#......# #..........
#......# ######..###
...####.. #..## ...
##.. #..## ...


You could see 2 gnolls.

Vanquished Creatures
  An adder (D:2)
  A gnoll (D:2)
  A worm (D:2)
  2 dart slugs (D:1)
  5 endoplasms
  4 goblins
  2 quokkas
  3 ball pythons
  A bat (D:1)
  3 kobolds
  4 rats
27 creatures vanquished.

Notes
Turn   | Place    | Note
-------+----------+-------------------------------------------
     0 | D:1      | Sabo the Demonspawn Ice Elementalist began the quest for
                  | the Orb.
     0 | D:1      | Reached XP level 1. HP: 13/13 MP: 3/3
   580 | D:1      | Gained mutation: You have a pair of small antennae on your
                  | head. [demonic ancestry]
   580 | D:1      | Reached XP level 2. HP: 16/19 MP: 0/5
  1765 | D:2      | Reached XP level 3. HP: 19/24 MP: 2/7
  1863 | D:2      | Reached skill level 4 in Ice Magic
  2025 | D:2      | Slain by a gnoll

Illustrated notes

Levels and vault maps discovered:
D:1:      onia_arrival_pentagram, layout_basic
D:2:      minmay_alternating_diamond, layout_rooms

Skill      XL: |  1  2  3 |
---------------+----------+-----
Spellcasting   | 3 |  3.1
Ice Magic      | 4 |  4.0
Fighting       | |  0.1
Long Blades    | |  0.4
Dodging        | |  1.8
Stealth        | |  1.8

Action                   || total
-------------------------++-------
Melee: Unarmed           ||     2
       Short sword       ||     1
       Scimitar          ||    15
 Cast: Freeze            ||    39
Armor: Robe              ||     2
Dodge: Dodged            ||    24

Table legend: (Time is in decaauts)
 A = Elapsed time spent in this place.
 B = Non-inter-level travel time spent in this place.
 C = Inter-level travel time spent in this place.
 D = Time resting spent in this place.
 E = Time spent auto-exploring this place.
 F = Levels seen in this place.
 G = Mean time per level.
                   A        B        C        D        E       F      G
               +--------+--------+--------+--------+--------+-----+--------+
         Total |   2028 |   2028 |      0 |   1014 |      0 |   2 | 1014.0 |
       Dungeon |   2028 |   2028 |      0 |   1014 |      0 |   2 | 1014.0 |
               +--------+--------+--------+--------+--------+-----+--------+

Top non-repeatable levels by time:
     D:1: 1589 daAuts
     D:2: 438 daAuts
